 Dungeon Crawl Stone Soup version 0.19.5 (webtiles) character file.

2 tidbits the Magician (level 1, 4/12 HPs)
             Began as a High Elf Wanderer on Oct 30, 2017.
             Quit the game on level 1 of the Dungeon.
             The game lasted 00:01:29 (137 turns).

tidbits the Magician (High Elf Wanderer)             Turns: 137, Time: 00:01:30

Health: 4/12       AC:  2    Str: 10    XL:     1   Next: 33%
Magic:  7/7        EV:  8    Int: 15    God:
Gold:   0          SH:  7    Dex: 15    Spells: 1 memorised, 8 levels left

rFire  . . .     SeeInvis .     a - +0 dagger
rCold  . . .     Gourm    .     B - +0 robe
rNeg   . . .     Faith    .     D - +0 shield
rPois  .         Spirit   .     (no helmet)
rElec  .         Reflect  .     (no cloak)
rCorr  .         Harm     .     (no gloves)
MR     .....                    (no boots)
Stlth  ++........               (no amulet)
                                (no ring)
                                (no ring)

@: no status effects
A: no striking features
a: no special abilities


You were on level 1 of the Dungeon.
You were not hungry.

You visited 1 branch of the dungeon, and saw 1 of its levels.

Inventory:

Hand Weapons
 a - a +0 dagger (weapon)
Missiles
 e - a poisoned needle
Armour
 B - a +0 robe (worn)
 D - a +0 shield (worn)
Scrolls
 d - a scroll of immolation
Books
 b - the Guide on Battle Magic

   Spells                             Type                      Level
   a - Shock                          Conjuration/Air              1
   b - Conjure Flame                  Conjuration/Fire             3
 c - the Handbook of Displacement

   Spells                             Type                      Level
   a - Apportation                    Translocation                1
   b - Recall                         Summoning/Translocation      3
Comestibles
 f - a bread ration


   Skills:
 + Level 0.4 Fighting
 + Level 0.2 Dodging
 - Level 1.1 Stealth
 + Level 1.0 Shields
 - Level 4.8 Spellcasting
   Level 2.4 Charms
 - Level 1.1 Translocations
   Level 1.1 Transmutations


You had 8 spell levels left.
You knew the following spells:

 Your Spells              Type           Power        Failure   Level  Hunger
a - Apportation           Tloc           #.........   75%         1    None


Dungeon Overview and Level Annotations

Branches:
Dungeon (1/15)

Altars:


Message History

Welcome, tidbits the High Elf Wanderer.
Will you prevail where others failed? Will you find the Orb of Zot?
Press ? for a list of commands and other information.
Found 2 scrolls labeled JOWEYDD XISHRU.
Found a staircase leading out of the dungeon.
Adjust (i)tems, (s)pells, or (a)bilities?
Adjust which item? (? for menu, Esc to quit)
a - a +0 shield (worn)
Adjust to which letter? (? for menu, Esc to quit)
D - a +0 shield (worn)
Adjust (i)tems, (s)pells, or (a)bilities?
Adjust which item? (? for menu, Esc to quit)
d - a +0 robe (worn)
Adjust to which letter? (? for menu, Esc to quit)
B - a +0 robe (worn)
Adjust (i)tems, (s)pells, or (a)bilities?
Adjust which item? (? for menu, Esc to quit)
e - a +0 dagger (weapon)
Adjust to which letter? (? for menu, Esc to quit)
a - a +0 dagger (weapon)
Adjust (i)tems, (s)pells, or (a)bilities?
Adjust which item? (? for menu, Esc to quit)
Okay, then.
Okay, then.
You don't know any spells.
Drop what? 6/52 slots (_ for help) (? for menu, Esc to quit)
Okay, then.
Memorise Apportation, consuming 1 spell level and leaving 8?
You start memorising the spell.
You continue memorising.
You finish memorising.
Spell assigned to 'a'.
Found a poisoned needle.
The hobgoblin shouts!
The hobgoblin shouts!
A leopard gecko comes into view.
The leopard gecko moves out of view.
d - 2 scrolls labeled JOWEYDD XISHRU
There are no items here.
You see here a poisoned needle.
e - a poisoned needle The leopard gecko hisses angrily.
Found 7 silver tomahawks.
You hit the leopard gecko.
The leopard gecko is severely wounded.
The leopard gecko closely misses you.
You barely miss the leopard gecko.
The leopard gecko is severely wounded.
The leopard gecko bites you. The rat bites you.
You closely miss the leopard gecko.
The leopard gecko is severely wounded.
You block the leopard gecko's attack. You block the rat's attack.
The leopard gecko bites you but does no damage.
You closely miss the leopard gecko.
The leopard gecko is severely wounded.
The rat barely misses you.
The leopard gecko bites you but does no damage.
You closely miss the leopard gecko.
The leopard gecko is severely wounded.
The leopard gecko barely misses you. The rat bites you.
* * * LOW HITPOINT WARNING * * *
You hit the leopard gecko but do no damage.
The leopard gecko is severely wounded.
The leopard gecko barely misses you. The rat barely misses you.
You block the leopard gecko's attack.
You closely miss the leopard gecko.
The leopard gecko is severely wounded.
The rat barely misses you. The leopard gecko barely misses you.
You hit the leopard gecko.
You kill the leopard gecko!
The rat bites you.
* * * LOW HITPOINT WARNING * * *
The rat bites you.
* * * LOW HITPOINT WARNING * * *
You aren't carrying any potions.
Unknown command.
You hit the rat.
You kill the rat!
The hobgoblin shouts!
As you read the scroll labeled JOWEYDD XISHRU, it crumbles to dust.
The creatures around you are filled with an inner flame!
It was a scroll of immolation.
You aren't carrying any potions.
Unknown command.
Are you sure you want to abandon this character and quit the game? (Confirm with "yes".)

#.......###
#.......... .#
#....≈≈≈####.##
#.≈§≈≈8≈≈≈§#..#
##§≈.......≈≈#.##
##§≈.≈≈≈≈≈≈≈.§≈..#
#≈§§≈§..g.g≈≈§§≈.#
#§§≈≈.≈§§§≈.≈§.≈.##
##§§≈.≈≈§..≈≈@≈§...#
#§≈.§.≈.≈§§.≈≈.≈.§.#
#≈8§≈§§.≈8≈≈.≈.≈§§.#
#≈≈§§§§§...≈.§..≈..#
##≈.§§≈§8§.≈§≈≈<≈###
#§§§≈§≈§≈.≈≈.≈≈≈#
#§≈.≈≈.§..8§.8≈≈#
##§§§§≈≈§≈§≈.≈≈##
##§≈§..§...§§##


You could see 2 hobgoblins.

Vanquished Creatures
  A leopard gecko (D:1)
  A rat (D:1)
2 creatures vanquished.

Notes
Turn   | Place    | Note
-------+----------+-------------------------------------------
     0 | D:1      | tidbits the High Elf Wanderer began the quest for the Orb.
     0 | D:1      | tidbits set off with: a +0 shield, the Guide on Battle Magic, the Handbook of Displacement, a +0 robe, a +0 dagger, a bread ration
     0 | D:1      | Reached XP level 1. HP: 11/11 MP: 7/7
     0 | D:1      | Identified the Guide on Battle Magic
     0 | D:1      | Identified the Handbook of Displacement
     2 | D:1      | Learned a level 1 spell: Apportation
    75 | D:1      | HP: 1/12 [rat (3)]
   137 | D:1      | Quit the game

Action                   || total
-------------------------++-------
Melee: Dagger            ||     9
  Use: Scroll            ||     1
Armor: Robe              ||     2
Dodge: Dodged            ||     7
Block: Shield            ||     3

Table legend:
 A = Turns spent in this place as a percentage of turns spent in the entire game.
 B = Non-inter-level travel turns spent in this place as a percentage of non-inter-level travel turns spent in the entire game.
 C = Inter-level travel turns spent in this place as a percentage of turns spent in this place.
 D = Turns resting spent in this place as a percentage of non-inter-level travel turns spent in this place.
 E = Turns spent auto-exploring this place as a percentage of non-inter-level travel turns spent in this place.
 F = Non-inter-level travel turns spent in this place divided by the number of levels of this place that you've seen.
                   A       B       C       D       E      F
               +-------+-------+-------+-------+-------+----------------------
         Total | 100.0 | 100.0 |   0.7 |   0.0 |   0.0 | 142.0
       Dungeon | 100.0 | 100.0 |   0.7 |   0.0 |   0.0 | 142.0
               +-------+-------+-------+-------+-------+----------------------

Table legend:
 A = Kills in this place as a percentage of kills in entire the game.
 B = Kills by you in this place as a percentage of kills by you in the entire game.
 C = Kills by friends in this place as a percentage of kills by friends in the entire game.
 D = Other kills in this place as a percentage of other kills in the entire game.
 E = Experience gained in this place as a percentage of experience gained in the entire game.
 F = Experience gained in this place divided by the number of levels of this place that you have seen.
                   A       B       C       D       E      F
               +-------+-------+-------+-------+-------+----------------------
         Total | 100.0 | 100.0 |  -nan |  -nan | 100.0 |   4.0
       Dungeon | 100.0 | 100.0 |  -nan |  -nan | 100.0 |   4.0
               +-------+-------+-------+-------+-------+----------------------

Vault maps used:
D:1:      nagdon_arrival_double_spiral
